 Dungeon Crawl Stone Soup version 0.17-a0-1769-g54adf96 (webtiles) character file.

27937 4thArraOfDagon the Severer (level 13, -5/115 HPs)
             Began as a Deep Dwarf Berserker on Sept 7, 2015.
             Was a Priest of Trog.
             Splashed by a deep elf sorcerer's acid (6 damage)
             ... on level 3 of the Elven Halls.
             The game lasted 00:32:01 (3828 turns).

4thArraOfDagon the Severer (Deep Dwarf Berserker)   Turns: 3828, Time: 00:32:01

Health: -5/115     AC: 18    Str: 25    XL:     13   Next: 7%
Magic:  18/18      EV:  8    Int:  9    God:    Trog [***...]
Gold:   829        SH:  0    Dex: 12    Spells: 0 memorised, 12 levels left

rFire  . . .     SeeInvis .     v - +1 war axe
rCold  . . .     Clarity  .     u - +0 plate armour
rNeg   + . .     SustAt   .     (no shield)
rPois  .         Gourm    .     l - +0 helmet
rElec  .         Spirit   .     (no cloak)
rCorr  .         Warding  +     (no gloves)
rMut   .         Stasis   .     r - +0 pair of boots
MR     +++..                    b - amulet of warding
Stlth  ..........               (no ring)
                                (no ring)

@: non-regenerating, extremely resistant to hostile enchantments, extremely
unstealthy
A: damage resistance, recharge devices, sense surroundings 2, slow healing 3
a: Device Recharging, Burn Spellbooks, Berserk, Trog's Hand, Renounce Religion


You were on level 3 of the Elven Halls.
You worshipped Trog.
Trog was most pleased with you.
You were hungry.

You visited 3 branches of the dungeon, and saw 18 of its levels.

You collected 1144 gold pieces.
You spent 315 gold pieces at shops.

Inventory:

Hand weapons
 a - a +0 hand axe
 v - a +1 war axe (weapon)
Missiles
 n - 5 javelins of penetration (quivered)
Armour
 l - a +0 helmet (worn)
 r - a +0 pair of boots (worn)
 u - a +0 plate armour (worn)
Jewellery
 b - an amulet of warding (around neck)
 o - an uncursed amulet of clarity
Magical devices
 c - a wand of heal wounds (5)
Scrolls
 e - a scroll of enchant weapon
 g - 5 scrolls of teleportation
 q - 2 scrolls of immolation
 s - a scroll of blinking
Potions
 h - a potion of cancellation {unknown}
 j - a potion of heal wounds
 k - 3 potions of curing
 m - a potion of haste
 w - a potion of agility
Miscellaneous
 t - a sack of spiders {used: 10}
Comestibles
 d - 3 bread rations
 f - 4 meat rations
 i - a chunk of flesh


   Skills:
 - Level 7.0 Fighting
 * Level 17.4 Axes
 + Level 12.6 Armour
 - Level 2.1 Dodging
 - Level 7.5 Evocations


You had 12 spell levels left.
You didn't know any spells.

Dungeon Overview and Level Annotations

Branches:
Dungeon (11/15)               Orc (4/4) D:11            Elf (3/3) Orc:3
 Temple: D:4-7         Lair: D:8-11

Altars:
Makhleb
Beogh

Shops:
Orc:2 *   Orc:4 !([(

Annotations:
Orc:2 Nergalle


Innate Abilities, Weirdness & Mutations

You are resistant to damage.
You can recharge devices by infusing magical energy.
You passively map the area around you.
You do not heal naturally.


Message History

Your trapdoor spider bites the deep elf sorcerer.
Unknown command.
You miss the deep elf sorcerer.
The deep elf sorcerer is heavily wounded.
The deep elf sorcerer gestures at you while chanting.
The bolt of acid hits you!
* * * LOW HITPOINT WARNING * * *
The acid burns!
* * * LOW HITPOINT WARNING * * *
The red devil hits you but does no damage.
The orange demon stings you from afar.
Your trapdoor spider bites the deep elf sorcerer!!
Unknown command.
You closely miss the deep elf sorcerer.
The deep elf sorcerer is almost dead.
The deep elf sorcerer gestures at you while chanting.
The bolt of acid hits you!
* * * LOW HITPOINT WARNING * * *
The acid burns!
You die...

,,,,,*,*,⌠,,,,,,***** ***'** *,*
,,,,**,*,,,,,,,,**..###.,,,* *,*
*'***,,*,,,,,,,,**...#...,,* *,*
,,**,,,*,,,,,,,***.......,,* *,*
****,,,*,,,,,,,*##.........#**,*
,,,*,,**,,,,,,**#..........+,,,*
⌠.,',*#...,,,,*##....#.....#**,*
..,**#e...,,,**#.s4.##.....# *,*
..###.....,,** #@e.#*#.....# *,*
..........,** ##'## #.....# *,*
e.........**### #4####.....#**,**
........#**##.###....#.....+,,,,,
.3....#** #.........'..(..#,****
*#.#***######5######.#.....#,****
##e#####...#.....#*#.####+##,**,,
...'3.55..55.....+,...,,,,,*,*,,,
(###....5........#...##**,,,,+,,,


You could see a deep elf sorcerer, an orange demon, a red devil and a friendly
trapdoor spider.

Vanquished Creatures
  An orc warlord (Orc:2)
  3 deep elf sorcerers (Elf:3)
  2 deep elf annihilators
  2 deep elf high priests
  2 ogre magi (Orc:4)
  2 deep elf knights
  A deep troll (Orc:4)
  2 deep elf summoners
  3 deep elf conjurers
  A hill giant (Orc:4)
  An orc sorcerer (Orc:3)
  A manticore (D:11)
  2 cyclopes (Orc:4)
  4 deep elf priests
  5 trolls
  The ghost of inmateoo the Magician, an average HEEE (D:5)
  7 deep elf magi
  A hippogriff (D:9)
  5 deep elf fighters
  Eustachio (D:5)
  A wyvern (D:10)
  A mottled dragon (D:11)
  3 wargs
  A black bear (D:5)
  13 orc warriors
  13 ogres
  A scorpion (D:5)
  5 wights (D:10)
  14 orc wizards
  2 hounds
  A jelly (D:5)
  An iguana (D:5)
  10 orc priests
  2 worker ants (D:4)
  3 adders
  3 gnolls (D:6)
  A worm (D:2)
  A giant gecko (D:9)
  124 orcs
  2 ball pythons
  3 bats (D:1)
  3 giant cockroaches
  3 goblins
  2 hobgoblins (D:1)
  4 jackals (D:5)
  A kobold (D:1)
  A quokka (D:2)
  A giant newt (D:6)
  A jackal skeleton (D:4)
  2 rats
270 creatures vanquished.

Vanquished Creatures (collateral kills)
  Saint Roka (Elf:3)
  A deep elf death mage (Elf:3)
  A deep troll (Orc:4)
  A hill giant (Orc:4)
  6 two-headed ogres (Orc:4)
  4 trolls
  An orc warrior (Elf:3)
  6 ogres (Orc:4)
  4 orcs
25 creatures vanquished.

Vanquished Creatures (others)
  A giant cockroach (D:4)
1 creature vanquished.

Grand Total: 296 creatures vanquished

Notes
Turn   | Place    | Note
--------------------------------------------------------------
     0 | D:1      | 4thArraOfDagon the Deep Dwarf Berserker began the quest for the Orb.
     0 | D:1      | Reached XP level 1. HP: 20/20 MP: 1/1
    97 | D:1      | Reached XP level 2. HP: 25/27 MP: 2/2
   271 | D:4      | Acquired Trog's second power
   271 | D:4      | Reached skill level 4 in Axes
   271 | D:4      | Reached XP level 3. HP: 17/34 MP: 3/3
   275 | D:4      | Reached XP level 4. HP: 19/42 MP: 4/4
   344 | D:5      | Entered Level 5 of the Dungeon
   357 | D:5      | Noticed inmateoo's ghost (average HEEE)
   363 | D:5      | Reached skill level 5 in Axes
   364 | D:5      | Noticed a black bear
   368 | D:5      | Killed inmateoo's ghost
   368 | D:5      | Reached XP level 5. HP: 9/50 MP: 5/5
   368 | D:5      | Reached XP level 6. HP: 10/57 MP: 6/6
   382 | D:5      | Killed a black bear
   382 | D:5      | Reached skill level 6 in Axes
   402 | D:5      | Noticed Eustachio
   451 | D:5      | Killed Eustachio
   451 | D:5      | Reached XP level 7. HP: 12/64 MP: 7/7
   451 | D:5      | HP: 1/64 [iguana (3)]
   549 | D:5      | Reached skill level 7 in Axes
   559 | D:4      | Noticed an ogre
   566 | D:4      | Killed an ogre
   570 | D:4      | Reached skill level 5 in Armour
   632 | D:5      | Noticed an ice beast
  1018 | D:10     | Entered Level 10 of the Dungeon
  1018 | D:10     | Noticed a wyvern
  1021 | D:10     | Killed a wyvern
  1021 | D:10     | Reached skill level 5 in Fighting
  1021 | D:10     | Reached skill level 8 in Axes
  1021 | D:10     | Reached skill level 1 in Evocations
  1021 | D:10     | Reached XP level 8. HP: 74/74 MP: 8/8
  1257 | D:10     | Noticed a deep elf mage
  1268 | D:11     | Noticed a manticore
  1270 | D:11     | Found a staircase to the Orcish Mines.
  1278 | D:11     | Reached skill level 9 in Axes
  1284 | D:11     | Killed a manticore
  1284 | D:11     | Gained mutation: You passively map the area around you. [Deep Dwarf growth]
  1284 | D:11     | Reached XP level 9. HP: 82/82 MP: 10/12
  1309 | Orc:1    | Entered Level 1 of the Orcish Mines
  1343 | Orc:1    | Reached skill level 5 in Evocations
  1489 | Orc:1    | Found a roughly hewn altar of Beogh.
  1558 | Orc:1    | Reached skill level 10 in Axes
  1570 | Orc:1    | Found a roughly hewn altar of Beogh.
  1647 | Orc:2    | Noticed Nergalle
  1789 | Orc:2    | Found Varchuyne's General Store.
  1794 | Orc:2    | Bought a scroll of teleportation for 45 gold pieces
  1831 | Orc:1    | Acquired Trog's third power
  1841 | Orc:1    | Found a roughly hewn altar of Beogh.
  1883 | Orc:3    | Noticed an orc warlord
  1883 | Orc:3    | Noticed an orc sorcerer
  1910 | Orc:2    | Killed an orc warlord
  1910 | Orc:2    | Reached skill level 11 in Axes
  1910 | Orc:2    | Reached XP level 10. HP: 16/92 MP: 13/15
  1914 | Orc:2    | :O
  1984 | Orc:3    | Killed an orc sorcerer
  1984 | Orc:3    | Received a gift from Trog
  1991 | Orc:3    | Found a burning altar of Makhleb.
  2012 | Orc:3    | Found a staircase to the Elven Halls.
  2115 | Orc:4    | Entered Level 4 of the Orcish Mines
  2139 | Orc:4    | Found a burning altar of Makhleb.
  2417 | Orc:4    | Reached skill level 12 in Axes
  2456 | Orc:4    | Noticed a cyclops
  2510 | Orc:4    | Killed a cyclops
  2526 | Orc:4    | Noticed a hill giant
  2529 | Orc:4    | Killed a hill giant
  2547 | Orc:4    | Found Haanip's Distillery.
  2549 | Orc:4    | Found Giyfeafro's Armour Emporium.
  2552 | Orc:4    | Noticed a hill giant
  2552 | Orc:4    | Noticed an ogre mage
  2578 | Orc:4    | Killed a hill giant
  2578 | Orc:4    | Reached XP level 11. HP: 75/100 MP: 16/16
  2593 | Orc:4    | Killed an ogre mage
  2593 | Orc:4    | Reached skill level 13 in Axes
  2627 | Orc:4    | Noticed a deep troll
  2651 | Orc:4    | Killed a deep troll
  2695 | Orc:4    | Noticed a cyclops
  2716 | Orc:4    | Killed a cyclops
  2792 | Orc:4    | Found Fosial's Antique Weapon Boutique.
  2806 | Orc:4    | Noticed a deep troll
  2815 | Orc:4    | Found Alalih's Weapon Shoppe.
  2817 | Orc:4    | Noticed an ogre mage
  2830 | Orc:4    | Killed a deep troll
  2830 | Orc:4    | Reached skill level 10 in Armour
  2836 | Orc:4    | Killed an ogre mage
  2836 | Orc:4    | Reached skill level 14 in Axes
  2847 | Orc:4    | :2(
  2854 | Orc:4    | :(
  2864 | Orc:4    | Bought a potion of heal wounds for 75 gold pieces
  2864 | Orc:4    | Bought a potion of curing for 45 gold pieces
  2864 | Orc:4    | Bought a potion of curing for 45 gold pieces
  2864 | Orc:4    | Bought a potion of agility for 60 gold pieces
  2864 | Orc:4    | Bought a potion of curing for 45 gold pieces
  2945 | Elf:1    | Entered Level 1 of the Elven Halls
  3035 | Elf:2    | Noticed a deep elf knight
  3083 | Elf:2    | Noticed a deep elf high priest
  3083 | Elf:2    | Noticed a deep elf summoner
  3084 | Elf:2    | Noticed a deep elf annihilator
  3091 | Elf:2    | Killed a deep elf high priest
  3100 | Elf:2    | Killed a deep elf summoner
  3109 | Elf:2    | Killed a deep elf annihilator
  3109 | Elf:2    | Reached skill level 15 in Axes
  3161 | Elf:2    | Reached XP level 12. HP: 90/109 MP: 17/17
  3164 | Elf:2    | Noticed a deep elf knight
  3187 | Elf:2    | Killed a deep elf knight
  3187 | Elf:2    | Received a gift from Trog
  3189 | Elf:2    | ROTFL
  3244 | Elf:3    | Entered Level 3 of the Elven Halls
  3253 | Elf:3    | Noticed Saint Roka
  3269 | Elf:3    | Killed Saint Roka
  3269 | Elf:3    | Reached skill level 16 in Axes
  3389 | Elf:3    | Noticed a deep elf death mage
  3403 | Elf:3    | Killed a deep elf death mage
  3420 | Elf:3    | Noticed a deep elf high priest
  3440 | Elf:3    | Noticed a deep elf sorcerer
  3454 | Elf:3    | Killed a deep elf high priest
  3460 | Elf:3    | Killed a deep elf sorcerer
  3597 | Elf:3    | Noticed a deep elf annihilator
  3614 | Elf:3    | Killed a deep elf annihilator
  3614 | Elf:3    | Reached skill level 17 in Axes
  3683 | Elf:3    | Noticed a deep elf sorcerer
  3707 | Elf:3    | Killed a deep elf sorcerer
  3707 | Elf:3    | Reached XP level 13. HP: 115/115 MP: 18/18
  3749 | Elf:3    | Noticed a deep elf sorcerer
  3770 | Elf:3    | Killed a deep elf sorcerer
  3800 | Elf:3    | Noticed a deep elf master archer
  3800 | Elf:3    | Noticed a deep elf sorcerer
  3815 | Elf:3    | Noticed a deep elf sorcerer
  3828 | Elf:3    | HP: 1/115 [deep elf sorcerer/bolt of acid (17)]
  3828 | Elf:3    | Splashed by a deep elf sorcerer's acid

Vault maps used:
D:1:      onia_arrival_mini_spirals
D:2:      cheibriados_altar_1, kennysheep_vampire_church, uniq_terence,
          uniq_natasha
D:3:      lemuel_doored_altar, lemuel_crystal_altar
D:4:      xom_confusion_cloud, serial_park_tiny_1, minmay_misc_feat_encased,
          minmay_misc_feat_room
D:5:      gup_sewer_entry_spiral, first_bread, uniq_eustachio
D:6:      minmay_klotski, nemelex_diamond_rough_becter
D:7:      nicolae_gozag_cash_rules_everything_around_me,
          minmay_temple_entry_trees, the_bakery, kennysheep_pointless_box,
          nicolae_qazlal_general_emergency
D:8:      statuecave_lemuel
D:9:      basic_altar, uniq_maurice
D:10:     david_lair_generic, uniq_gastronok, uniq_josephine
D:11:     erik_orc_1, lab_entry_generic, minmay_misc_feat_doors,
          hangedman_minor_magic
Orc:1:    hangedman_feature_mirror, lemuel_statue_altar
Orc:2:    nicolae_orc_accident_1, serial_shops, shop, uniq_nergalle
Orc:3:    nicolae_orc_pool_cavern, bloody_makhleb
Orc:4:    st_orc_open, basic_altar, minmay_orc_keep
Elf:1:    evilmike_minifort
Elf:2:    lemuel_elevator
Elf:3:    grunt_elf_hall_spiral, spider_trap, uniq_saint_roka

Action                   |  1- 3 |  4- 6 |  7- 9 | 10-12 | 13-15 || total
-------------------------+-------+-------+-------+-------+-------++-------
Melee: Hand axe          |    45 |    45 |   237 |       |       ||   327
       War axe           |       |       |    55 |   364 |    15 ||   434
Invok: Berserk           |     2 |     2 |    12 |    17 |     1 ||    34
       Trog's Hand       |       |     3 |    12 |    27 |     1 ||    43
       Brothers in Arms  |       |       |       |     3 |       ||     3
Evoke: Wand              |       |     3 |     2 |       |       ||     5
       Sack of spiders   |       |       |       |    11 |     3 ||    14
  Use: Potion            |     1 |       |     1 |       |       ||     2
       Scroll            |       |       |     3 |     7 |     1 ||    11
 Stab: Sleeping          |     2 |       |       |       |       ||     2
       Distracted        |       |       |       |     4 |       ||     4
  Eat: Chunk             |       |     2 |    19 |    29 |     2 ||    52
